Map: [ESL] Waterfall

Players

ByuN

  • Race: Terran Terran
  • Spawn Location: 7:00

uThermal - Winner!

  • Race: Terran Terran
  • Spawn Location: 1:00

Event: DreamHack SC2 Masters 2022 Valencia

VOD

Have the link to the VOD?

Description

Time

  • Played on: July 1, 2022, 12:52 p.m.
  • Length: 15:17

All games in this series

Show
View Real Time Build Order
Export as new Build Order

ByuN Terran 

Build Orders: Cyclone Opening 

Get SALT Encoding   

  12  0:00  SCV  
  13  0:12  SCV  
  14  0:17  Supply Depot  
  14  0:24  SCV  
  15  0:38  SCV  
  15  0:40  Barracks  
  16  0:43  Refinery  
  16  0:50  SCV  
  16  0:52  Refinery  
  17  1:02  SCV  
  18  1:15  SCV  
  19  1:26  Reaper  
  19  1:27  Orbital Command  
  19  1:32  Supply Depot  
  20  1:40  Factory  
  20  1:52  SCV  
  21  1:58  Reaper  
  22  2:04  SCV  
  23  2:16  SCV  
  23  2:19  Command Center  
  24  2:23  Factory Tech Lab  
  24  2:28  SCV  
  25  2:31  Barracks Reactor  
  25  2:37  Supply Depot  
  25  2:43  Cyclone  
  28  2:44  SCV  
  29  2:57  SCV  
  30  2:58  Starport  
  30  3:07  Marine x2  
  30  3:10  SCV  
  33  3:14  Refinery  
  33  3:18  Siege Tank  
  36  3:22  SCV  
  36  3:26  Marine x2  
  39  3:32  Orbital Command  
  39  3:36  SCV  
  39  3:38  Starport Tech Lab  
  40  3:44  Marine x2  
  42  3:49  SCV  
  42  3:54  Supply Depot  
  43  3:57  Raven  
  43  4:00  SCV  
  43  4:01  SCV  
  45  4:12  SCV  
  45  4:13  SCV  
  44  4:17  Siege Tank  
  47  4:25  SCV x2  
  47  4:26  Marine  
  47  4:27  Marine  
  51  4:37  SCV x2, Supply Depot  
  53  4:42  Raven  
  55  4:46  Marine x2  
  58  4:53  SCV x2  
  58  4:57  Siege Tank  
  62  5:02  Supply Depot  
  63  5:07  Marine  
  63  5:13  SCV x2  
  65  5:25  SCV x2  
  65  5:27  Command Center  
  67  5:31  Siege Tank  
  67  5:35  Supply Depot  
  70  5:40  Viking x2  
  74  5:43  Stimpack  
  74  5:45  SCV  
  74  5:47  SCV  
  74  5:49  Marine  
  77  5:50  Refinery  
  77  5:57  SCV  
  77  5:59  SCV  
  79  6:08  Barracks  
  79  6:09  Barracks, SCV  
  81  6:11  SCV  
  81  6:15  Viking x2  
  85  6:18  Supply Depot  
  85  6:23  Marine  
  86  6:32  Supply Depot  
  86  6:39  SCV x2, Siege Tank  
  90  6:43  Orbital Command, Marine  
  90  6:46  Engineering Bay  
  91  6:47  Engineering Bay  
  91  6:51  SCV x2  
  93  6:56  Viking  
  93  6:57  Viking  
  93  6:58  Barracks Reactor  
  93  7:00  Barracks Reactor  
  97  7:04  Marine  
  97  7:05  SCV x2  
  97  7:06  Orbital Command  
  100  7:15  Terran Infantry Armor Level 1, Terran Infantry Weapons Level 1  
  100  7:19  SCV x2  
  100  7:22  Marine  
  103  7:25  Combat Shield  
  103  7:32  Sensor Tower  
  103  7:36  Marine  
  103  7:37  Marine x3  
  103  7:39  SCV x3, Marine  
  111  7:45  Siege Tank  
  111  7:46  Medivac  
  116  7:54  Marine, Supply Depot  
  116  7:56  Supply Depot  
  117  8:03  Refinery x2  
  117  8:04  SCV x2  
  117  8:05  Barracks  
  117  8:07  Barracks  
  117  8:11  Supply Depot  
  117  8:16  Medivac, SCV, Marine x5  
  118  8:31  Siege Tank  
  118  8:33  Viking, Marine x4  
  116  8:37  Marine  
  106  8:46  Viking  
  99  8:50  SCV  
  99  8:51  Marine x4  
  99  8:52  SCV  
  99  8:55  Marine  
  83  8:59  SCV  
  83  9:02  SCV  
  73  9:03  Viking  
  73  9:04  Siege Tank  
  73  9:06  Marine  
  73  9:07  Marine  
  73  9:09  Marine x4  
  80  9:11  SCV  
  80  9:13  Marine  
  80  9:14  SCV  
  83  9:23  Orbital Command, SCV  
  69  9:24  Marine  
  69  9:26  SCV  
  69  9:27  Marine x2  
  73  9:32  Marine  
  73  9:34  Marine  
  73  9:35  SCV  
  69  9:39  SCV  
  69  9:41  Marine  
  71  9:47  SCV  
  71  9:48  Medivac  
  71  9:51  SCV, Medivac  
  77  9:53  Siege Tank  
  77  9:54  SCV  
  77  9:59  SCV, Barracks Reactor  
  82  10:00  Barracks Reactor  
  82  10:03  SCV, Marine  
  82  10:06  SCV  
  85  10:09  Marine x4  
  85  10:12  SCV  
  90  10:15  SCV  
  90  10:18  SCV  
  90  10:20  Marine  
  93  10:23  Supply Depot  
  93  10:24  SCV  
  93  10:27  Supply Depot, SCV, Marine x4  
  99  10:30  SCV  
  99  10:31  Medivac x2  
  104  10:36  SCV, Siege Tank  
  104  10:38  Marine  
  104  10:39  SCV  
  104  10:42  SCV  
  110  10:43  Marine x4  
  110  10:48  SCV  
  110  10:49  Marine x3  
  116  10:50  Marine  
  116  10:51  SCV  
  116  10:54  Engineering Bay, SCV  
  116  10:55  Engineering Bay  
  116  10:56  Marine  
  122  10:58  Armory  
  122  11:00  SCV, Marine  
  122  11:03  SCV  
  123  11:06  SCV, Marine  
  123  11:07  Marine  
  123  11:08  Marine  
  123  11:09  Marine  
  123  11:10  Marine x3  
  118  11:12  SCV  
  118  11:14  Marine  
  116  11:18  Marine  
  116  11:24  Marine x2  
  119  11:26  Marine  
  119  11:27  Marine  
  119  11:28  Siege Tank, Marine x3  
  119  11:30  Viking  
  119  11:32  Marine  
  130  11:34  Viking  
  130  11:36  Marine  
  133  11:41  Marine  
  133  11:42  Marine  
  133  11:44  Marine  
  133  11:45  Marine x2  
  133  11:46  Marine x2  
  139  11:58  Marine  
  140  12:03  Terran Infantry Armor Level 2, Terran Infantry Weapons Level 2  
  140  12:05  Supply Depot  
  140  12:06  Siege Tank, Supply Depot  
  140  12:07  Marine x2  
  140  12:08  Marine, Supply Depot  
  139  12:09  Supply Depot  
  139  12:11  Marine  
  139  12:12  Marine  
  139  12:13  Marine  
  139  12:15  Marine x2  
  139  12:17  Marine  
  138  12:25  Marine x2  
  138  12:26  Marine  
  138  12:29  Marine  
  128  12:30  Marine x2  
  128  12:32  Marine  
  128  12:33  Marine  
  128  12:35  Viking x2, Marine  
  118  12:43  Siege Tank, Marine x2  
  118  12:44  Marine  
  114  12:47  Marine  
  114  12:48  Marine x2  
  114  12:50  Marine x2  
  118  12:53  Marine  
  113  13:01  Marine x3  
  116  13:08  Marine x2  
  116  13:09  Marine x2  
  120  13:14  Marine x2  
  120  13:15  Siege Tank, Medivac x2  
  120  13:19  Marine  
  123  13:21  Marine x2  
  123  13:26  Marine x3  
  115  13:27  Marine  
  115  13:32  Marine  
  111  13:34  Orbital Command  
  111  13:40  Marine  
  111  13:41  Marine x3  
  113  13:44  Marine x2  
  117  13:48  Marine  
  117  13:49  Marine  
  117  13:52  Marine  
  120  13:58  Marine  
  120  13:59  Marine  
  120  14:02  Marine  
  122  14:03  Marine  
  122  14:05  Marine  
  122  14:09  Marine x2  
  106  14:11  Marine  
  106  14:17  Marine  
  106  14:19  Marine  
  106  14:21  Marine  
  106  14:23  Marine  
  97  14:31  Marine x4  
  98  14:36  Medivac  
  103  14:40  Medivac  
  103  14:44  Marine  
  103  14:45  Marine x2  
  106  14:48  Marine  
  106  14:50  Marine x2  
  111  14:57  Marine x3  
Show
View Real Time Build Order
Export as new Build Order

uThermal Terran - Winner!

Build Orders:  

Get SALT Encoding   

  12  0:00  SCV  
  13  0:12  SCV  
  14  0:17  Supply Depot  
  14  0:24  SCV  
  15  0:38  SCV  
  15  0:40  Barracks  
  16  0:43  Refinery  
  16  0:50  SCV  
  16  0:53  Refinery  
  17  1:02  SCV  
  18  1:15  SCV  
  19  1:27  Orbital Command, Reaper  
  19  1:28  Supply Depot  
  20  1:43  Factory  
  20  1:53  SCV  
  21  1:59  Barracks Reactor  
  21  2:05  SCV  
  22  2:17  SCV  
  23  2:24  Command Center  
  25  2:30  Hellion  
  25  2:32  SCV  
  25  2:36  Reaper  
  27  2:37  Reaper  
  27  2:43  Supply Depot  
  28  2:45  SCV  
  31  2:51  Hellion  
  31  3:02  Starport  
  31  3:05  SCV  
  32  3:08  Reaper  
  32  3:09  Reaper  
  34  3:13  Hellion  
  34  3:17  SCV  
  37  3:26  Refinery  
  37  3:29  SCV  
  38  3:35  Factory Tech Lab  
  38  3:37  Orbital Command  
  38  3:39  Starport Tech Lab  
  38  3:40  Marine  
  39  3:41  Marine  
  39  3:44  SCV  
  41  3:53  Cyclone  
  44  3:56  SCV  
  44  3:57  Marine  
  44  3:59  Marine  
  47  4:07  Raven  
  47  4:08  SCV x2  
  50  4:15  Marine  
  50  4:16  Supply Depot  
  47  4:17  Marine  
  47  4:20  SCV  
  49  4:26  SCV, Siege Tank  
  53  4:32  SCV  
  53  4:33  Supply Depot  
  53  4:37  Marine x2  
  56  4:40  Supply Depot  
  56  4:44  SCV  
  57  4:47  SCV  
  57  4:49  Raven  
  60  4:56  SCV, Marine x2  
  60  4:58  Siege Tank  
  60  4:59  SCV  
  67  5:08  SCV  
  67  5:11  SCV  
  63  5:14  Marine x2  
  63  5:18  Command Center  
  63  5:20  SCV  
  66  5:23  SCV  
  66  5:26  Refinery  
  67  5:31  Siege Tank  
  67  5:32  SCV  
  71  5:35  SCV  
  71  5:41  Supply Depot  
  72  5:44  SCV  
  72  5:47  SCV  
  72  5:49  Supply Depot  
  74  5:50  Viking x2  
  74  5:55  Stimpack  
  78  6:02  Marine  
  78  6:03  SCV x2  
  78  6:04  Siege Tank, Supply Depot  
  84  6:12  Supply Depot  
  84  6:15  SCV x2  
  86  6:20  Viking x2, Marine  
  91  6:27  SCV x2  
  91  6:28  Supply Depot  
  93  6:37  Siege Tank  
  93  6:38  Marine  
  93  6:39  Barracks, SCV x2  
  99  6:41  Barracks  
  99  6:50  Viking x2  
  99  6:51  SCV  
  104  6:56  SCV  
  104  6:57  Engineering Bay x2  
  104  6:58  Marine  
  106  7:03  SCV  
  106  7:08  SCV  
  108  7:09  Siege Tank  
  111  7:17  Orbital Command, SCV  
  111  7:18  Marine  
  111  7:20  SCV  
  111  7:21  Viking  
  116  7:23  Viking  
  116  7:26  Terran Infantry Weapons Level 1  
  116  7:28  Barracks Reactor  
  116  7:29  SCV  
  119  7:31  Barracks Reactor  
  119  7:32  SCV  
  119  7:35  Terran Infantry Armor Level 1  
  120  7:37  Supply Depot  
  120  7:38  Refinery  
  120  7:39  Refinery, Combat Shield  
  120  7:41  SCV  
  120  7:43  SCV  
  122  7:44  SCV  
  122  7:45  Marine  
  122  7:48  Supply Depot  
  122  7:49  Siege Tank  
  127  7:55  SCV  
  127  7:57  Supply Depot  
  128  7:59  Viking, Supply Depot  
  128  8:01  SCV  
  128  8:06  Viking  
  128  8:07  Marine x2  
  128  8:10  SCV  
  128  8:11  Marine  
  128  8:12  Marine  
  135  8:13  SCV  
  135  8:18  SCV  
  137  8:21  Siege Tank, Marine  
  137  8:22  SCV  
  137  8:25  SCV  
  138  8:30  SCV  
  138  8:34  SCV  
  123  8:37  SCV  
  123  8:38  Barracks, Marine  
  123  8:39  Viking, Barracks  
  123  8:41  Marine  
  121  8:42  SCV  
  121  8:44  Armory  
  121  8:45  Marine  
  121  8:46  SCV  
  121  8:48  Marine  
  120  8:49  SCV  
  120  8:50  Marine  
  120  8:51  Viking  
  120  8:54  SCV, Siege Tank  
  128  8:56  Marine  
  128  8:58  Marine  
  128  9:03  SCV, Marine  
  128  9:04  Sensor Tower  
  128  9:05  SCV  
  128  9:06  Marine  
  128  9:09  SCV, Marine  
  134  9:11  Supply Depot  
  130  9:17  SCV  
  130  9:18  SCV  
  130  9:19  Marine x2  
  130  9:21  Marine  
  130  9:22  SCV  
  124  9:24  Marine  
  124  9:26  Siege Tank  
  124  9:29  SCV  
  124  9:30  SCV  
  127  9:33  Barracks Reactor  
  127  9:34  Barracks Reactor  
  127  9:37  Terran Infantry Weapons Level 2, Marine x2  
  113  9:38  Marine  
  113  9:40  Terran Infantry Armor Level 2  
  113  9:43  Medivac  
  112  9:49  Missile Turret  
  112  9:50  Medivac  
  112  9:52  Missile Turret  
  115  9:57  Factory  
  115  9:59  Marine  
  115  10:02  Siege Tank  
  115  10:03  Missile Turret  
  115  10:04  SCV  
  115  10:05  SCV, Marine  
  115  10:06  Marine  
  122  10:08  Marine  
  122  10:10  Marine x2  
  122  10:12  Terran Vehicle Weapons Level 1  
  122  10:14  SCV  
  126  10:15  Marine  
  126  10:19  SCV  
  128  10:21  SCV  
  128  10:23  Marine x2  
  128  10:27  Viking  
  133  10:30  Viking  
  133  10:34  Siege Tank  
  133  10:35  Marine x2, Missile Turret  
  138  10:36  Marine  
  138  10:37  Marine  
  138  10:39  Marine  
  144  10:47  Siege Tank  
  146  10:51  Marine x2  
  146  10:52  Command Center  
  146  10:57  Viking  
  148  11:02  Liberator  
  148  11:03  Marine  
  154  11:06  Siege Tank  
  144  11:14  Marine x4  
  144  11:16  Marine  
  141  11:18  Marine  
  141  11:19  Siege Tank, Marine  
  141  11:21  SCV, Supply Depot  
  141  11:22  SCV, Marine  
  141  11:23  SCV, Supply Depot x2  
  141  11:24  Marine  
  151  11:32  Marine x4  
  152  11:33  SCV  
  152  11:34  Marine  
  152  11:36  Viking, Marine  
  152  11:38  Siege Tank  
  162  11:42  Marine  
  162  11:44  SCV, Marine x2  
  162  11:45  Viking  
  168  11:49  Marine  
  168  11:51  Siege Tank  
  172  11:55  SCV x2, Marine  
  172  11:57  SCV  
  176  12:07  Marine x2  
  178  12:09  Marine  
  178  12:10  Siege Tank  
  178  12:12  Marine x2  
  184  12:21  Marine  
  184  12:22  Marine  
  178  12:23  Siege Tank, Marine  
  178  12:24  Marine  
  178  12:26  Marine  
  169  12:31  Marine  
  169  12:32  Marine x2  
  158  12:37  Marine  
  158  12:39  Marine x2  
  158  12:40  Medivac  
  158  12:41  Marine  
  158  12:42  Siege Tank, Marine  
  164  12:44  Marine  
  164  12:49  Marine x2  
  164  12:50  Marine  
  165  12:55  Siege Tank, Marine  
  165  12:57  Marine x2  
  167  13:00  Marine  
  167  13:04  Marine x2  
  170  13:09  Marine  
  170  13:10  Marine  
  170  13:11  Orbital Command  
  170  13:12  Marine  
  171  13:14  Siege Tank  
  174  13:21  Marine  
  168  13:27  Siege Tank  
  168  13:30  Marine  
  168  13:32  Marine  
  168  13:33  Sensor Tower  
  172  13:40  Marine  
  172  13:43  Marine  
  172  13:45  Marine x2  
  172  13:46  Siege Tank  
  175  13:55  Medivac  
  175  14:01  Sensor Tower  
  177  14:09  Orbital Command, Siege Tank, Marine  
  148  14:14  Marine  
  145  14:18  Medivac  
  145  14:19  Siege Tank, Marine  
  145  14:22  Marine  
  145  14:23  Marine  
  146  14:27  Viking  
  140  14:31  Marine x2  
  140  14:33  Marine  
  140  14:34  Marine  
  140  14:37  Marine  
  145  14:38  Marine  
  145  14:40  Marine  
  145  14:41  Marine  
  149  14:47  Refinery  
  149  14:48  Refinery  
  149  14:50  Refinery  
  149  14:51  Marine  
  149  14:54  Marine  
  152  15:02  Refinery  

Tags
 
Add a new tag
Caveats
  • Supply blocks, unpowered buildings, or Contaminate may cause inaccurate times.
  • Supply counts are checked every 10 seconds.